SA
KENNESAW JETS @ GRIM REAPERS
05/28/2026
 
TOP OF THE 1ST
Kennesaw Jets batting - Pitching for Grim Reapers : RHP Darius Baxa
Pitching: RHP Darius Baxa
Batting: RHB Bartolo Rosas 0-0: Called Strike
0-1: Ball
1-1: Called Strike
1-2: Fly out, F9 (Flyball, 9LM)
Batting: RHB Omar Durán 0-0: Called Strike
0-1: Swinging Strike
0-2: Ball
1-2: Strikes out swinging
Batting: LHB Pedro Corona 0-0: Foul Ball, location: 2F
0-1: Ball
1-1: Foul Ball, location: 2F
1-2: Strikes out swinging
Top of the 1st over - 0 run(s), 0 hit(s), 0 error(s), 0 left on base; Kennesaw 0 - Grim 0
BOTTOM OF THE 1ST
Grim Reapers batting - Pitching for Kennesaw Jets : RHP Jim Unknown
Pitching: RHP Jim Unknown
Batting: RHB Dave Sienna 0-0: Called Strike
0-1: SINGLE (Line Drive, 56)
Batting: RHB Tomás Costello 0-0: Ball
1-0: Foul Ball, location: 2F
1-1: Called Strike
1-2: Ball
2-2: Ball
3-2: Foul Ball, location: 2F
3-2: Base on Balls
Dave Sienna to second
Batting: SHB Marcos Roa 0-0: Called Strike
0-1: Ball
1-1: Ball
2-1: Ball
3-1: 3-RUN HOME RUN (Flyball, 9LD), Distance : 360 ft
Batting: SHB Anthony Hopkins 0-0: Ball
1-0: Called Strike
1-1: Foul Ball, location: 2F
1-2: Ground out 4-3 (Groundball, 4M)
Batting: RHB Marcos Martínez 0-0: Ball
1-0: Ball
2-0: Ball
3-0: Called Strike
3-1: Ground out 6-3 (Groundball, 6M)
Batting: LHB Steve Costillo 0-0: Ball
1-0: Ball
2-0: Ball
3-0: Called Strike
3-1: Ground out 4-3 (Groundball, 4S)
Bottom of the 1st over - 3 run(s), 2 hit(s), 0 error(s), 0 left on base; Kennesaw 0 - Grim 3
TOP OF THE 2ND
Kennesaw Jets batting - Pitching for Grim Reapers : RHP Darius Baxa
Batting: SHB Pedro Ortega 0-0: Called Strike
0-1: Ball
1-1: Swinging Strike
1-2: Strikes out swinging
Batting: RHB Bernardo Martínez 0-0: Ball
1-0: Called Strike
1-1: Foul Ball, location: 2F
1-2: Foul Ball, location: 2F
1-2: Ball
2-2: Ground out 6-3 (Groundball, 6S)
Batting: SHB Pat Sargent 0-0: Ball
1-0: Called Strike
1-1: Swinging Strike
1-2: DOUBLE (Flyball, 7LM)
Batting: RHB Gerardo Maldonado 0-0: Ball
1-0: Ground out 6-3 (Groundball, 6)
Top of the 2nd over - 0 run(s), 1 hit(s), 0 error(s), 1 left on base; Kennesaw 0 - Grim 3
BOTTOM OF THE 2ND
Grim Reapers batting - Pitching for Kennesaw Jets : RHP Jim Unknown
Batting: RHB Armando Chamú 0-0: Called Strike
0-1: Called Strike
0-2: Ball
1-2: Foul Ball, location: 2F
1-2: Ball
2-2: Strikes out swinging
Batting: LHB Dante Aristizabal 0-0: Ball
1-0: Ball
2-0: Called Strike
2-1: Foul Ball, location: 2F
2-2: Foul Ball, location: 2F
2-2: Fly out, F7 (Flyball, 7LS)
Batting: RHB Tomás Duarte 0-0: Ball
1-0: Called Strike
1-1: Ground out U3 (Groundball, 3S)
Bottom of the 2nd over - 0 run(s), 0 hit(s), 0 error(s), 0 left on base; Kennesaw 0 - Grim 3
TOP OF THE 3RD
Kennesaw Jets batting - Pitching for Grim Reapers : RHP Darius Baxa
Batting: RHB Vic Richards 0-0: Foul Ball, location: 2F
0-1: Fly out, F8 (Flyball, 8LM)
Batting: LHB Manuel Márquez 0-0: Called Strike
0-1: Foul Ball, location: 2F
0-2: Ball
1-2: Strikes out swinging
Batting: RHB Bartolo Rosas 0-0: Ground out 5-3 (Groundball, 56)
Top of the 3rd over - 0 run(s), 0 hit(s), 0 error(s), 0 left on base; Kennesaw 0 - Grim 3
BOTTOM OF THE 3RD
Grim Reapers batting - Pitching for Kennesaw Jets : RHP Jim Unknown
Batting: RHB Dave Sienna 0-0: Called Strike
0-1: Swinging Strike
0-2: Ground out 2-3 (Groundball, 2R)
Batting: RHB Tomás Costello 0-0: Ball
1-0: Ball
2-0: Foul Ball, location: 2F
2-1: Ground out 1-3 (Groundball, P)
Batting: SHB Marcos Roa 0-0: Ball
1-0: Ball
2-0: Called Strike
2-1: Ball
3-1: Foul Ball, location: 2F
3-2: Foul Ball, location: 2F
3-2: Ground out 4-3 (Groundball, 4S)
Bottom of the 3rd over - 0 run(s), 0 hit(s), 0 error(s), 0 left on base; Kennesaw 0 - Grim 3
TOP OF THE 4TH
Kennesaw Jets batting - Pitching for Grim Reapers : RHP Darius Baxa
Batting: RHB Omar Durán 0-0: SINGLE (Groundball, 34D)
Batting: LHB Pedro Corona 0-0: Called Strike
0-1: Ball
1-1: Swinging Strike
1-2: Foul Ball, location: 2F
1-2: SINGLE (Groundball, 34D)
Omar Durán to second
Runner from 2nd tries for 3rd, OUT!
Batting: SHB Pedro Ortega 0-0: Foul Ball, location: 2F
0-1: Swinging Strike
0-2: Ball
1-2: Ball
2-2: Foul Ball, location: 2F
2-2: Strikes out swinging
Batting: RHB Bernardo Martínez 0-0: Ball
Pedro Corona is caught stealing 2nd base
Top of the 4th over - 0 run(s), 2 hit(s), 0 error(s), 0 left on base; Kennesaw 0 - Grim 3
BOTTOM OF THE 4TH
Grim Reapers batting - Pitching for Kennesaw Jets : RHP Jim Unknown
Batting: SHB Anthony Hopkins 0-0: Ball
1-0: Ball
2-0: Called Strike
2-1: Ball
3-1: Ground out 4-3 (Groundball, 4)
Batting: RHB Marcos Martínez 0-0: Swinging Strike
0-1: Called Strike
0-2: SINGLE (Groundball, 6MD)
Batting: LHB Steve Costillo 0-0: Called Strike
0-1: Fly out, F7 (Flyball, 7LM)
Batting: RHB Armando Chamú 0-0: Ball
1-0: Ball
2-0: Called Strike
2-1: Foul Ball, location: 2F
2-2: Ball
3-2: Hit by Pitch
Marcos Martínez to second
Batting: LHB Dante Aristizabal 0-0: Ball
1-0: Called Strike
1-1: Ball
2-1: Called Strike
2-2: Strikes out swinging
Bottom of the 4th over - 0 run(s), 1 hit(s), 0 error(s), 2 left on base; Kennesaw 0 - Grim 3
TOP OF THE 5TH
Kennesaw Jets batting - Pitching for Grim Reapers : RHP Darius Baxa
Batting: RHB Bernardo Martínez 0-0: Called Strike
0-1: Foul Ball, location: 2F
0-2: Ball
1-2: Strikes out looking
Batting: SHB Pat Sargent 0-0: Foul Ball, location: 2F
0-1: Swinging Strike
0-2: Foul Ball, location: 2F
0-2: Strikes out swinging
Batting: RHB Gerardo Maldonado 0-0: Ball
1-0: Foul Ball, location: 2F
1-1: Foul Ball, location: 2F
1-2: Ball
2-2: Strikes out looking
Top of the 5th over - 0 run(s), 0 hit(s), 0 error(s), 0 left on base; Kennesaw 0 - Grim 3
BOTTOM OF THE 5TH
Grim Reapers batting - Pitching for Kennesaw Jets : RHP Jim Unknown
Batting: RHB Tomás Duarte 0-0: Fly out, F7 (Flyball, 7S)
Batting: RHB Dave Sienna 0-0: Ball
1-0: Called Strike
1-1: Swinging Strike
1-2: Foul Ball, location: 2F
1-2: Ball
2-2: Foul Ball, location: 2F
2-2: Ball
3-2: Foul Ball, location: 2F
3-2: Strikes out looking
Batting: RHB Tomás Costello 0-0: Called Strike
0-1: Ball
1-1: Called Strike
1-2: Ball
2-2: Foul Ball, location: 2F
2-2: Foul Ball, location: 2F
2-2: Foul Ball, location: 2F
2-2: Foul Ball, location: 2F
2-2: Fly out, F4 (Line Drive, 4)
Bottom of the 5th over - 0 run(s), 0 hit(s), 0 error(s), 0 left on base; Kennesaw 0 - Grim 3
TOP OF THE 6TH
Kennesaw Jets batting - Pitching for Grim Reapers : RHP Darius Baxa
Batting: RHB Vic Richards 0-0: Called Strike
0-1: Ball
1-1: Ball
2-1: Foul Ball, location: 2F
2-2: Foul Ball, location: 2F
2-2: Ball
3-2: Foul Ball, location: 2F
3-2: Foul Ball, location: 2F
3-2: Base on Balls
Batting: LHB Manuel Márquez 0-0: Ball
1-0: Swinging Strike
1-1: Fly out, F8 (Flyball, 8LM)
Batting: RHB Bartolo Rosas 0-0: Called Strike
0-1: Called Strike
Balk!
Vic Richards to second
0-2: Fly out, F3 (Flyball, 3DF)
Batting: RHB Omar Durán 0-0: Ball
1-0: Ball
2-0: Ground out 3-1 (Groundball, 34)
Top of the 6th over - 0 run(s), 0 hit(s), 0 error(s), 1 left on base; Kennesaw 0 - Grim 3
BOTTOM OF THE 6TH
Grim Reapers batting - Pitching for Kennesaw Jets : RHP Jim Unknown
Batting: SHB Marcos Roa 0-0: SINGLE (Flyball, 7LS)
Batting: SHB Anthony Hopkins 0-0: Ball
1-0: Swinging Strike
1-1: Foul Ball, location: 2F
1-2: Foul Ball, location: 2F
1-2: Foul Ball, location: 2F
1-2: Ground out 4-3 (Groundball, 4MS)
Marcos Roa to second
Pitching: RHP Alonso Ruíz
Batting: RHB Marcos Martínez 0-0: Ball
1-0: Swinging Strike
1-1: Fly out, F9 (Flyball, 9LS)
Batting: LHB Steve Costillo 0-0: Foul Ball, location: 2F
0-1: Foul Ball, location: 2F
0-2: Fly out, F8 (Flyball, 8LM)
Bottom of the 6th over - 0 run(s), 1 hit(s), 0 error(s), 1 left on base; Kennesaw 0 - Grim 3
TOP OF THE 7TH
Kennesaw Jets batting - Pitching for Grim Reapers : RHP Darius Baxa
Batting: LHB Pedro Corona 0-0: Ball
1-0: Called Strike
1-1: Foul Ball, location: 2F
1-2: Ground out U3 (Groundball, 3)
Batting: SHB Pedro Ortega 0-0: Foul Ball, location: 2F
0-1: Ball
1-1: Ball
2-1: Ball
3-1: Foul Ball, location: 2F
3-2: Strikes out looking
Batting: RHB Bernardo Martínez 0-0: Swinging Strike
0-1: Ball
1-1: Foul Ball, location: 2F
1-2: Strikes out looking
Top of the 7th over - 0 run(s), 0 hit(s), 0 error(s), 0 left on base; Kennesaw 0 - Grim 3
BOTTOM OF THE 7TH
Grim Reapers batting - Pitching for Kennesaw Jets : RHP Alonso Ruíz
Batting: RHB Armando Chamú 0-0: Ball
1-0: Swinging Strike
1-1: Foul Ball, location: 2F
1-2: Strikes out swinging
Batting: LHB Dante Aristizabal 0-0: Foul Ball, location: 2F
0-1: DOUBLE (Line Drive, 9LM)
Batting: RHB Tomás Duarte 0-0: Ball
1-0: Ball
2-0: Ball
3-0: Base on Balls
Batting: RHB Dave Sienna 0-0: Ball
1-0: Ball
2-0: Reached on error, E7 (Flyball, 7)
Dante Aristizabal to third
Tomás Duarte to second
Pinch Hitting: LHB Jim Unknown 0-0: Called Strike
0-1: Fly out, F5 (Line Drive, 5S)
Lined into DP, U5 (Line Drive, 5S)
Bottom of the 7th over - 0 run(s), 1 hit(s), 1 error(s), 2 left on base; Kennesaw 0 - Grim 3
TOP OF THE 8TH
Kennesaw Jets batting - Pitching for Grim Reapers : RHP Darius Baxa
Now at 2B: Earnest Vater
Now in RF: David Gaston
Batting: SHB Pat Sargent 0-0: SINGLE (Groundball, 4D)
Batting: RHB Gerardo Maldonado 0-0: Called Strike
0-1: Ball
1-1: Swinging Strike
1-2: Foul Ball, location: 2F
1-2: Strikes out swinging
Batting: RHB Vic Richards 0-0: Fly out, F9 (Flyball, 9LS)
Batting: LHB Manuel Márquez 0-0: Ball
1-0: Ball
2-0: Swinging Strike
2-1: Ball
3-1: Fly out, F8 (Flyball, 8LM)
Top of the 8th over - 0 run(s), 1 hit(s), 0 error(s), 1 left on base; Kennesaw 0 - Grim 3
BOTTOM OF THE 8TH
Grim Reapers batting - Pitching for Kennesaw Jets : RHP Alonso Ruíz
Batting: SHB Marcos Roa 0-0: Ground out 5-3 (Groundball, 5)
Batting: SHB Anthony Hopkins 0-0: SINGLE (Flyball, 7S)
Batting: RHB Marcos Martínez 0-0: Called Strike
0-1: SINGLE (Groundball, 56D)
Anthony Hopkins to second
Batting: LHB Steve Costillo 0-0: Swinging Strike
0-1: Fly out, F9 (Flyball, 9LM)
Batting: RHB Armando Chamú 0-0: Called Strike
0-1: Called Strike
0-2: Ball
1-2: Foul Ball, location: 2F
1-2: Ball
2-2: Ball
3-2: Base on Balls
Anthony Hopkins to third
Marcos Martínez to second
Batting: RHB David Gaston 0-0: Fly out, F4 (Popup, 3D)
Bottom of the 8th over - 0 run(s), 2 hit(s), 0 error(s), 3 left on base; Kennesaw 0 - Grim 3
TOP OF THE 9TH
Kennesaw Jets batting - Pitching for Grim Reapers : RHP Darius Baxa
Pitching: RHP Stu Noble
Batting: RHB Bartolo Rosas 0-0: Ball
1-0: Called Strike
1-1: Foul Ball, location: 2F
1-2: Strikes out swinging
Batting: RHB Omar Durán 0-0: Ball
1-0: Ball
2-0: Called Strike
2-1: Called Strike
2-2: Foul Ball, location: 2F
2-2: Ball
3-2: Foul Ball, location: 2F
3-2: Foul Ball, location: 2F
3-2: Base on Balls
Batting: LHB Pedro Corona 0-0: Ball
Wild Pitch!
Omar Durán to second
1-0: Foul Ball, location: 2F
1-1: Foul Ball, location: 2F
1-2: Ball
2-2: Ball
3-2: Strikes out swinging
Pitching: RHP Cecil Beijeman
Batting: SHB Pedro Ortega 0-0: Ball
1-0: Called Strike
1-1: Swinging Strike
1-2: Ball
2-2: Strikes out swinging
Top of the 9th over - 0 run(s), 0 hit(s), 0 error(s), 1 left on base; Kennesaw 0 - Grim 3
Monday, March 20th, 2017 - OOTP Baseball 17.12 Build 75